 Dungeon Crawl Stone Soup version 0.29.1-12-g30fa7ad0bf (webtiles) character file.

Game seed: 2886630387451529918

14082 wormed the Cleaver (level 11, -3/102 HPs)
             Began as a Minotaur Berserker on Dec 19, 2022.
             Was a High Priest of Trog.
             Slain by an 11-headed hydra (4 damage)
             ... on level 10 of the Dungeon.
             The game lasted 00:34:55 (11876 turns).

wormed the Cleaver (Minotaur Berserker)            Turns: 11876, Time: 00:34:55

Health: -3/102     AC: 20    Str: 25 (27) XL:     11   Next: 84%
Magic:  10/10      EV:  8    Int:  3 (4)  God:    Trog [*****.]
Gold:   668        SH: 11    Dex: 13 (15) Spells: 10/10 levels left

rFire   . . .      SeeInvis .   d - +1 broad axe
rCold   . . .      Faith    .   G - +0 kite shield
rNeg    + . .      Spirit   .   y - +0 plate armour
rPois   .          Reflect  .   (helmet restricted)
rElec   .          Harm     .   k - +0 cloak
rCorr   .          Rampage  .   s - +1 Delatra's gloves {ID++}
Will    .....                   h - +0 pair of boots
Stlth   ..........              (no amulet)
HPRegen 0.27/turn               g - ring of positive energy
MPRegen 0.12/turn               w - +6 ring of dexterity

@: on berserk cooldown, slowed, very slow
A: horns 2, retaliatory headbutt, sturdy frame 1
a: Renounce Religion, Berserk, Trog's Hand, Brothers in Arms


You were on level 10 of the Dungeon.
You worshipped Trog.
Trog was extremely pleased with you.
You visited 2 branches of the dungeon, and saw 11 of its levels.

You collected 668 gold pieces.

Inventory:

Hand Weapons
 d - a +1 broad axe (weapon)
Armour
 h - a +0 pair of boots (worn)
 k - a +0 cloak (worn)
 s - the +1 Delatra's gloves (worn) {ID++}
   (You found it on level 3 of the Dungeon)

   It heals its wearer when they drink unknown potions.
   It restores its wearer's MP when they read unknown scrolls.
 y - a +0 plate armour (worn)
 G - a +0 kite shield (worn)
Jewellery
 g - a ring of positive energy (left hand)
 q - an amulet of magic regeneration
 w - a +6 ring of dexterity (right hand)
 z - a ring of fire
Wands
 c - a wand of iceblast (30)
Scrolls
 f - 4 scrolls of enchant armour
 j - 10 scrolls of teleportation
 p - a scroll of magic mapping
 D - a scroll of silence
Potions
 a - a potion of cancellation
 b - 2 potions of degeneration
 e - 5 potions of lignification
 i - a potion of berserk rage {unknown}
 l - a potion of resistance {unknown}
 m - 2 potions of haste
 o - 2 potions of heal wounds
 t - a potion of ambrosia
 u - 2 potions of might
 v - 2 potions of curing
 x - a potion of attraction


   Skills:
 + Level 11.0 Fighting
 * Level 14.8 Axes
 + Level 10.6 Armour
 - Level 2.1 Dodging
 + Level 10.3 Shields


You had 10 spell levels left.
You didn't know any spells.
Your spell library was empty.

Dungeon Overview and Level Annotations

Branches:
Dungeon (10/15)            Temple (0/1) D:5            Lair (0/5) D:10
    Orc (1/2) D:9

Altars:
Ashenzari
Cheibriados
Fedhas
Kikubaaqudgha
Sif Muna
Trog
Uskayaw
Vehumet
Wu Jian
Yredelemnul

Shops:
D:5 (


Innate Abilities, Weirdness & Mutations

You have a pair of horns on your head.
You reflexively headbutt those who attack you in melee.
Your movements are slightly less encumbered by armour. (ER -2)


Message History

The 11-headed hydra bites you but does no damage.
The 11-headed hydra bites you!
* * * LOW HITPOINT WARNING * * *
The 11-headed hydra bites you!
* * * LOW HITPOINT WARNING * * *
Okay, then.
It was a potion of magic.
Magic courses through your body.
The energy of discovery flows from your fingertips!
You feel much better. The gnoll barely misses you.
The 11-headed hydra bites you but does no damage.
You block the 11-headed hydra's attack. The 11-headed hydra barely misses you.
The 11-headed hydra bites you but does no damage.
The 11-headed hydra bites you!
* * * LOW HITPOINT WARNING * * *
You block the 11-headed hydra's attack.
The 11-headed hydra bites you but does no damage. x5
It was a potion of degeneration.
There was something very wrong with that liquid.
You feel weakened.
You feel dopey.
You feel clumsy.
The energy of discovery flows from your fingertips!
You feel much better. The gnoll hits you but does no damage.
The 11-headed hydra bites you!
* * * LOW HITPOINT WARNING * * *
You block the 11-headed hydra's attack. x2; The 11-headed hydra bites you.
* * * LOW HITPOINT WARNING * * *
The 11-headed hydra closely misses you. x2
The 11-headed hydra bites you but does no damage.
The 11-headed hydra bites you!
* * * LOW HITPOINT WARNING * * *
The 11-headed hydra bites you!
* * * LOW HITPOINT WARNING * * *
The 11-headed hydra bites you but does no damage. x2
The gnoll hits you from afar with a +0 spear.
* * * LOW HITPOINT WARNING * * *
The gnoll hits you from afar with a +4 spear.
* * * LOW HITPOINT WARNING * * *
The 11-headed hydra completely misses you.
The 11-headed hydra bites you but does no damage. x3
The 11-headed hydra bites you.
You die...

.....# #..##.....................
.....###.###.#######.#.###.######
.............#...gg#..##.#.#P...P
#............#.###.#.#.#...#.#'#.
.............#.')#.g.#####.#.#.#.
>............# #.##....#.###.
.............# #....#..#P).[P
#............#######.#.#.#.###'##
#....#####.#....@Dgg.#.#.#.......
.....# #...##.#.g##.##..####.##
.....######..#.###.#.#.#.##...###
.....#.........#####.#.#####....)
######.......#..###.#.#...#.#.#.#
....##.......#.#..#..#.#..####.#.
###..'.......รท#..##...#.#........
####........#..#.....#.#.######
#........#.#.#..#.#.#.#....P


You could see a 11-headed hydra and 3 gnolls.

Vanquished Creatures
  Snorg (D:10)
  A boulder beetle (D:10)
  A death knight (D:10)
  2 centaur warriors (D:10)
  2 two-headed ogres
  3 death yaks (D:10)
  Pikel (D:5)
  A manticore (D:10)
  A troll (D:9)
  A meliai (D:10)
  2 hornets
  2 wraiths (D:10)
  A wyvern (D:8)
  5 yaks (D:10)
  Grum (D:9)
  An acid dragon (D:10)
  A sky beast (D:7)
  3 black bears
  An ice beast (D:5)
  4 orc warriors
  4 ogres
  2 wolves (D:9)
  9 centaurs
  A phantom (D:6)
  4 lemures
  2 kobold brigands
  5 necrophages (D:6)
  2 bullfrogs (D:6)
  3 gnoll sergeants
  A scorpion (D:5)
  10 wights
  14 killer bees
  The ghost of FizzleBangTC the Digger, a weakling MeEE (D:3)
  3 howler monkeys
  A bullfrog zombie (D:6)
  3 hounds
  Crazy Yiuf (D:2)
  7 orc priests
  A gnoll bouda (D:4)
  2 iguanas (D:5)
  5 orc wizards
  A hell rat (D:10)
  A hound zombie (D:4)
  10 gnolls
  An adder (D:5)
  2 river rats (D:10)
  A shadow imp (D:6)
  7 white imps
  An ufetubus (D:4)
  An adder zombie (D:4)
  3 worms
  5 dart slugs
  45 orcs
  7 endoplasms
  5 giant cockroaches
  7 goblins
  8 hobgoblins
  7 jackals
  7 quokkas
  6 ball pythons
  5 bats
  4 frilled lizards
  16 kobolds
  11 rats
  3 bushes (D:6)
280 creatures vanquished.

Vanquished Creatures (others)
  A centaur (D:8)
  18 plants
19 creatures vanquished.

Grand Total: 299 creatures vanquished

Notes
Turn   | Place    | Note
-------+----------+-------------------------------------------
     0 | D:1      | wormed the Minotaur Berserker began the quest for the Orb.
     0 | D:1      | Reached XP level 1. HP: 19/19 MP: 0/0
     9 | D:1      | You fall into a shaft and drop 1 floor!
   222 | D:1      | Reached XP level 2. HP: 27/27 MP: 1/1
   228 | D:1      | Reached skill level 4 in Axes
   264 | D:1      | Reached skill level 1 in Shields
   988 | D:2      | Reached XP level 3. HP: 33/33 MP: 2/2
  1085 | D:2      | Reached ** piety under Trog
  1131 | D:2      | Found a runed translucent door.
  1132 | D:2      | Noticed Crazy Yiuf
  1192 | D:2      | Killed Crazy Yiuf
  1270 | D:2      | Reached XP level 4. HP: 36/40 MP: 3/3
  1477 | D:2      | Found a faded altar of an unknown god.
  1959 | D:3      | Found an ornate altar of the Wu Jian Council.
  1959 | D:3      | Found a radiant altar of Vehumet.
  2305 | D:3      | Found the +1 Delatra's gloves {ID++}
  2311 | D:3      | Reached skill level 5 in Axes
  2322 | D:3      | Reached XP level 5. HP: 17/47 MP: 4/4
  2669 | D:3      | Noticed FizzleBangTC's ghost (weakling MeEE)
  2669 | D:3      | Noticed an ogre
  2670 | D:3      | Found a transporter.
  2671 | D:3      | Noticed an ogre
  2955 | D:3      | Found a transporter.
  2959 | D:3      | Killed FizzleBangTC's ghost
  2962 | D:3      | Killed an ogre
  2963 | D:3      | Killed an ogre
  2964 | D:3      | Reached skill level 5 in Fighting
  2964 | D:3      | Reached skill level 6 in Axes
  2964 | D:3      | Reached XP level 6. HP: 56/56 MP: 5/5
  3353 | D:4      | Found a snail-covered altar of Cheibriados.
  3470 | D:4      | Reached *** piety under Trog
  3471 | D:4      | HP: 2/56 [orc priest/divine providence (11)]
  3480 | D:4      | Reached XP level 7. HP: 35/61 MP: 6/6
  3789 | D:4      | Found a basalt altar of Yredelemnul.
  3881 | D:5      | Entered Level 5 of the Dungeon
  3909 | D:4      | Reached skill level 7 in Axes
  3922 | D:5      | Reached skill level 5 in Armour
  3924 | D:5      | Noticed Pikel
  3940 | D:5      | Killed Pikel
  3941 | D:5      | Reached skill level 8 in Axes
  3941 | D:5      | Reached skill level 5 in Shields
  3941 | D:5      | Reached XP level 8. HP: 34/71 MP: 7/7
  4112 | D:5      | Found Heulob's Firing Range.
  4153 | D:5      | Found a bloodstained altar of Trog.
  4346 | D:5      | Found a shimmering blue altar of Sif Muna.
  4374 | D:5      | Found a staircase to the Ecumenical Temple.
  5293 | D:6      | Found a broken altar of Ashenzari.
  5316 | D:6      | Reached skill level 9 in Axes
  5453 | D:6      | Reached XP level 9. HP: 79/79 MP: 8/8
  5665 | D:6      | Found a blossoming altar of Fedhas.
  5766 | D:6      | Reached skill level 10 in Axes
  6041 | D:6      | Found a hide-covered altar of Uskayaw.
  6422 | D:7      | Reached **** piety under Trog
  6907 | D:7      | Reached skill level 11 in Axes
  7673 | D:8      | Reached XP level 10. HP: 90/90 MP: 9/9
  8909 | D:9      | Found an ancient bone altar of Kikubaaqudgha.
  8918 | D:9      | Reached skill level 12 in Axes
  8933 | D:9      | Noticed an eight-headed hydra
  8933 | D:9      | Noticed a centaur warrior
  8934 | D:9      | Noticed a centaur warrior
  8935 | D:9      | Noticed a centaur warrior
  8938 | D:9      | Noticed a two-headed ogre
  9138 | D:9      | Found a staircase to the Orcish Mines.
  9296 | Orc:1    | Entered Level 1 of the Orcish Mines
  9328 | D:9      | Reached ***** piety under Trog
  9446 | D:9      | Noticed Grum
  9458 | D:9      | Killed Grum
  9810 | D:9      | Noticed a two-headed ogre
  9814 | D:9      | Killed a two-headed ogre
 10268 | D:9      | Gained mutation: Your movements are slightly less
                  | encumbered by armour. (ER -2) [potion of mutation]
 10292 | D:10     | Entered Level 10 of the Dungeon
 10358 | D:10     | Reached skill level 13 in Axes
 10464 | D:10     | Noticed a two-headed ogre
 10470 | D:10     | Killed a two-headed ogre
 10565 | D:10     | Noticed Snorg
 10566 | D:10     | Noticed a death yak
 10568 | D:10     | Noticed a death yak
 10570 | D:10     | Noticed a death yak
 10577 | D:10     | Killed a death yak
 10578 | D:10     | Reached XP level 11. HP: 93/99 MP: 10/10
 10585 | D:10     | Killed a death yak
 10586 | D:10     | Reached skill level 10 in Fighting
 10592 | D:10     | Killed a death yak
 10601 | D:10     | Killed Snorg
 10948 | D:10     | Reached skill level 10 in Armour
 11014 | D:10     | Noticed a boulder beetle
 11014 | D:10     | Noticed a centaur warrior
 11032 | D:10     | Killed a centaur warrior
 11033 | D:10     | Reached skill level 14 in Axes
 11033 | D:10     | Killed a boulder beetle
 11339 | D:10     | Reached skill level 10 in Shields
 11443 | D:10     | Found a staircase to the Lair.
 11746 | D:10     | Noticed a death knight
 11753 | D:10     | Killed a death knight
 11847 | D:10     | Noticed a five-headed hydra
 11854 | D:10     | Noticed a centaur warrior
 11858 | D:10     | Killed a centaur warrior
 11874 | D:10     | HP: 1/102 [11-headed hydra (8)]
 11876 | D:10     | Slain by an 11-headed hydra

Illustrated notes

Levels and vault maps discovered:
D:1:      evilmike_arrival_plus, layout_basic
D:2:      layout_basic, basic_ecumenical_altar, minmay_pentomino_w2,
          uniq_crazy_yiuf_cottage
D:3:      minmay_spotlight, layout_basic, gammafunk_temple_overflow_pools,
          gammafunk_ghost_smash, minmay_misc_feat_tower, solitary_fountain,
          pf_guarded_unrand_delatra
D:4:      layout_rooms, mainiacjoe_overflow_24_doors,
          lemuel_zombie_altar_yredelemnul, moated_statue
D:5:      layout_basic, overflow_temple_1_default, old_standard_altar,
          minmay_temple_entry_stoned_glass, nicolae_hexahallways,
          chequers_serial_rivers_micro_b, nicolae_shop_firing_range, uniq_pikel
D:6:      layout_rooms, kennysheep_mini, fedhas_altar_decomposition,
          mainiacjoe_overflow_chevrons, nicolae_figureground_sparkle
D:7:      layout_basic
D:8:      layout_gridville, st_stairs_2, centaur_isle
D:9:      layout_gridville, lemuel_crystal_altar, david_orc_5,
          onia_ninara_dug_in_and_dangerous, uniq_grum
D:10:     layout_roguey, dpeg_lair_monsters, minmay_shattered_shrine, uniq_snorg
Orc:1:    layout_caves, nicolae_orc_flooded_monolith

Skill      XL: |  1  2  3  4  5  6  7  8  9 10 11 |
---------------+----------------------------------+-----
Axes           | 4 5 6 8 9 11 13 14 | 14.8
Shields        | 1 2 3 5 6 7 9 10 | 10.3
Fighting       | 4 5 6 7 8 9 11 | 11.0
Armour         | 3 4 5 6 8 9 10 | 10.6
Dodging        | |  2.1

Action                   |  1- 3 |  4- 6 |  7- 9 | 10-12 || total
-------------------------+-------+-------+-------+-------++-------
Melee: Hand axe          |    69 |    60 |       |       ||   129
       Headbutt          |    12 |    16 |    46 |    55 ||   129
       Punch             |     1 |       |     5 |     1 ||     7
       War axe           |       |    41 |   234 |   214 ||   489
       Broad axe         |       |       |       |    20 ||    20
Invok: Berserk           |     1 |     2 |     4 |     9 ||    16
  Use: Scroll            |     1 |     6 |     4 |     7 ||    18
       Potion            |       |     1 |     3 |     5 ||     9
 Stab: Distracted        |       |       |       |     1 ||     1
Armor: Animal skin       |     3 |       |       |       ||     3
       Ring mail         |    14 |    32 |    95 |       ||   141
       Plate armour      |       |       |    84 |   210 ||   294
Dodge: Dodged            |    40 |    60 |   162 |   127 ||   389
Block: Kite shield       |       |       |       |    69 ||    69
